 Dungeon Crawl Stone Soup version 0.18.1-48-g4cf74bf (webtiles) character file.

6293 rjaguar3 the Basher (level 10, -6/142 HPs)
             Began as a Minotaur Berserker on July 3, 2016.
             Was a High Priest of Trog.
             Mangled by an orc warrior
             ... wielding a +0 trident
              (18 damage)
             ... on level 9 of the Dungeon.
             The game lasted 00:26:12 (8160 turns).

rjaguar3 the Basher (Minotaur Berserker)            Turns: 8160, Time: 00:26:12

Health: -6/142     AC:  4    Str: 28    XL:     10   Next: 63%
Magic:  9/9        EV: 17    Int:  4    God:    Trog [*****.]
Gold:   486        SH:  2    Dex: 12    Spells: 0 memorised, 9 levels left

rFire  + . .     SeeInvis .     q - +0 flail (drain)
rCold  . . .     Gourm    .     y - +0 robe
rNeg   . . .     Faith    .     (no shield)
rPois  +         Spirit   .     (helmet restricted)
rElec  .         Dismiss  .     a - +0 cloak {rPois}
rCorr  .         Reflect  +     C - +0 pair of gloves
SustAt .         Harm     .     (no boots)
MR     .....                    t - +2 amulet of reflection
Stlth  ..........               (no ring)
                                m - ring of protection from fire

@: berserking, very quick, not resistant to hostile enchantments, extremely
unstealthy
A: retaliatory headbutt, horns 2
a: Berserk, Trog's Hand, Brothers in Arms, Burn Spellbooks, Renounce Religion


You were on level 9 of the Dungeon.
You worshipped Trog.
Trog was extremely pleased with you.
You were not hungry.

You visited 2 branches of the dungeon, and saw 10 of its levels.

You collected 486 gold pieces.

Inventory:

Hand Weapons
 q - a +0 flail of draining (weapon)
 w - a +0 hunting sling
Missiles
 v - 62 sling bullets
Armour
 a - a +0 cloak of poison resistance (worn)
 h - a +2 leather armour of fire resistance
 y - a +0 robe (worn)
 C - a +0 pair of gloves (worn)
 K - a +0 cloak of invisibility
Rods
 E - a +0 rod of shadows (14/14)
   (You found it on level 7 of the Dungeon)
Jewellery
 m - a ring of protection from fire (left hand)
 t - a +2 amulet of reflection (around neck)
Wands
 B - a wand of flame (48/48)
 I - a wand of iceblast (11/15)
Scrolls
 b - a scroll of noise {unknown}
 d - a scroll of identify
 e - 2 scrolls of fear
 p - a scroll of enchant weapon {unknown}
 r - a scroll of immolation {unknown}
 z - 3 scrolls of teleportation {unknown}
 F - a scroll of fog {unknown}
 G - a scroll of recharging
 H - a scroll of holy word {unknown}
 N - 3 scrolls of amnesia {unknown}
Potions
 f - 3 potions of flight {unknown}
 j - 3 potions of agility {unknown}
 l - a potion of berserk rage {unknown}
 n - a potion of magic {unknown}
 o - a potion of ambrosia {unknown}
 s - 3 potions of curing {unknown}
 u - 2 potions of haste {unknown}
 A - 2 potions of resistance
 J - a potion of heal wounds
Comestibles
 c - 10 bread rations
 i - 3 meat rations
 k - 8 slices of pizza
 x - 3 beef jerkies


   Skills:
 * Level 11.0 Fighting
 * Level 11.9 Maces & Flails
 + Level 2.8 Armour
 + Level 9.6 Dodging
 + Level 3.5 Stealth


You had 9 spell levels left.
You didn't know any spells.

Dungeon Overview and Level Annotations

Branches:
Dungeon (9/15)             Temple (1/1) D:5
   Lair: D:8-11         Orc: D:9-12

Altars:
Ashenzari
Cheibriados
Dithmenos
Elyvilon
Fedhas
Gozag
Kikubaaqudgha
Makhleb
Nemelex Xobeh
Okawaru
Pakellas
Qazlal
Ru
Sif Muna
Trog
Vehumet
Xom
Yredelemnul
Zin
The Shining One

Shops:
D:5 (

Annotations:
D:4 Coyotero's ghost, amateur DrFi


Innate Abilities, Weirdness & Mutations

You reflexively headbutt those who attack you in melee.
You have a pair of horns on your head.


Message History

You sock the orc priest!
You kill the orc priest!
Trog accepts your kill. The orc warrior misses you. The orc misses you.
You sock the orc warrior! You headbutt the orc warrior.
You feel the power of Trog in you as your rage grows.
You kill the orc warrior!
Trog accepts your kill.
Your Fighting skill increases to level 11!
The orc warrior hits you from afar with a trident!
* * * LOW HITPOINT WARNING * * *
You bludgeon the orc!!
You feel the power of Trog in you as your rage grows.
You kill the orc!
Trog accepts your kill. Something appears at your feet! Trog grants you a gift!
The orc misses you.
The orc warrior hits you from afar with a trident!!
You die...

.........................#
.........................#
.................#
.................#
.................#
.................#
.................#
.................#
........@oo).....#
..#######[.......#
#oo......# 8........#
.'........# .o8........#
..o#........#
.ooo#......$.#


You could see an orc warrior and 3 orcs.

Vanquished Creatures
  Erica (D:8)
  Pikel (D:6)
  The ghost of Wotyn the Basher, a novice MiGl of Okawaru (D:6)
  Joseph (D:8)
  Prince Ribbit (D:9)
  2 hippogriffs
  Grum (D:8)
  A hog (D:7)
  A human (D:7)
  3 ice beasts
  3 black bears
  5 orc warriors
  A slave (D:6)
  3 ogres
  4 wolves (D:8)
  A centaur (D:7)
  A big kobold (D:8)
  4 giant frogs (D:7)
  2 scorpions
  2 jellies (D:8)
  2 crimson imps
  A quasit (D:8)
  7 hounds
  2 centaur skeletons
  10 orc priests
  8 orc wizards
  Crazy Yiuf (D:3)
  2 gnoll shamans
  2 iguanas (D:8)
  7 worker ants
  3 sheep (D:7)
  A howler monkey zombie (D:6)
  10 gnolls
  10 adders
  A shadow imp (D:6)
  An ooze (D:1)
  An adder zombie (D:7)
  5 worms
  3 giant geckos
  31 orcs
  2 giant cockroaches
  12 goblins
  5 hobgoblins
  9 jackals
  4 quokkas
  13 bats
  A giant cockroach zombie (D:6)
  4 giant newts
  A jackal skeleton (D:4)
  14 kobolds
  2 quokka skeletons (D:5)
  9 rats
223 creatures vanquished.

Vanquished Creatures (others)
  An ice dragon (D:2)
  A plant (D:3)
2 creatures vanquished.

Grand Total: 225 creatures vanquished

Notes
Turn   | Place    | Note
--------------------------------------------------------------
     0 | D:1      | rjaguar3 the Minotaur Berserker began the quest for the Orb.
     0 | D:1      | Reached XP level 1. HP: 19/19 MP: 0/0
    94 | D:1      | Reached XP level 2. HP: 7/27 MP: 1/1
  1057 | D:2      | Reached XP level 3. HP: 21/33 MP: 2/2
  1258 | D:2      | Reached ** piety under Trog
  1534 | D:2      | Reached XP level 4. HP: 31/41 MP: 3/3
  1653 | D:2      | Found an oddly glowing altar of Pakellas.
  1653 | D:2      | Noticed an ice dragon
  1667 | D:2      | Killed an ice dragon
  2149 | D:3      | Found a sacrificial altar of Ru.
  2160 | D:3      | Reached XP level 5. HP: 45/47 MP: 4/4
  2163 | D:3      | Reached skill level 5 in Fighting
  2330 | D:3      | Reached skill level 1 in Stealth
  2335 | D:3      | Reached skill level 5 in Maces & Flails
  2344 | D:3      | HP: 1/48 [orc/hand axe (8)]
  2931 | D:3      | Reached *** piety under Trog
  3108 | D:3      | Noticed Crazy Yiuf
  3113 | D:3      | Killed Crazy Yiuf
  3113 | D:3      | Reached XP level 6. HP: 56/56 MP: 5/5
  3415 | D:4      | Noticed Coyotero's ghost (amateur DrFi)
  3428 | D:5      | Entered Level 5 of the Dungeon
  3551 | D:5      | Reached XP level 7. HP: 62/62 MP: 6/6
  3598 | D:5      | Found a bloodstained altar of Trog.
  3945 | D:5      | Found Fiwysas's Antique Weapon Boutique.
  3973 | D:5      | Found a staircase to the Ecumenical Temple.
  3980 | Temple   | Entered the Ecumenical Temple
  4452 | D:5      | Found Taisanlajeo's Book Shoppe.
  4624 | D:6      | Reached skill level 5 in Dodging
  4659 | D:6      | Reached **** piety under Trog
  4781 | D:6      | Noticed Wotyn's ghost (novice MiGl)
  4843 | D:6      | Killed Wotyn's ghost
  4843 | D:6      | Reached XP level 8. HP: 73/73 MP: 7/7
  5072 | D:6      | Noticed Pikel
  5455 | D:7      | Reached XP level 9. HP: 74/81 MP: 8/8
  6330 | D:6      | Killed Pikel
  6330 | D:6      | Reached skill level 10 in Maces & Flails
  7104 | D:8      | Noticed Erica
  7108 | D:8      | Killed Erica
  7108 | D:8      | Reached XP level 10. HP: 93/93 MP: 9/9
  7144 | D:8      | Reached skill level 10 in Fighting
  7221 | D:8      | Noticed Grum
  7236 | D:8      | Killed Grum
  7427 | D:8      | Found a glowing golden altar of the Shining One.
  7428 | D:8      | Found a sacrificial altar of Ru.
  7430 | D:8      | Found a white marble altar of Elyvilon.
  7437 | D:8      | Noticed Joseph
  7448 | D:8      | Killed Joseph
  7701 | D:8      | Found a basalt altar of Yredelemnul.
  7788 | D:8      | Reached ***** piety under Trog
  7929 | D:8      | Identified a +0 rod of shadows (14/14) (You found it on level 7 of the Dungeon)
  8029 | D:9      | Noticed Prince Ribbit
  8037 | D:9      | Killed Prince Ribbit
  8160 | D:9      | Received a gift from Trog
  8160 | D:9      | Mangled by an orc warrior

Skill      XL: |  1  2  3  4  5  6  7  8  9 10 |
---------------+-------------------------------+-----
Fighting       | 4 5 7 8 9 11 | 11.0
Maces & Flails | 4 5 6 7 9 10 11 | 11.9
Dodging        | 3 4 5 7 8 9 |  9.6
Stealth        | 1 2 3 |  3.5
Armour         | |  2.8

Action                   |  1- 3 |  4- 6 |  7- 9 | 10-12 || total
-------------------------+-------+-------+-------+-------++-------
Melee: Mace              |    68 |   101 |       |       ||   169
       Headbutt          |     4 |    13 |    38 |    28 ||    83
       Flail             |       |    36 |   190 |   118 ||   344
Invok: Berserk           |     1 |     3 |     8 |     6 ||    18
       Trog's Hand       |       |       |     2 |     1 ||     3
  Use: Scroll            |       |     8 |     1 |     3 ||    12
       Potion            |       |     1 |       |       ||     1
 Stab: Sleeping          |       |     2 |     1 |       ||     3
       Distracted        |       |       |     1 |       ||     1
  Eat: Chunk             |     3 |     9 |    19 |    10 ||    41
Armor: Animal skin       |    22 |     8 |       |       ||    30
       Robe              |       |    27 |    35 |    14 ||    76
Dodge: Dodged            |    62 |    72 |   139 |    74 ||   347
Block: Other             |       |     5 |     9 |     7 ||    21
